 Dungeon Crawl Stone Soup version 0.17.1-2-g5865329 (webtiles) character file.

8962 abixa the Basher (level 11, 130/130 HPs)
             Began as an Ogre Warper on Jan 10, 2016.
             Was a High Priest of Okawaru.
             Quit the game on level 10 of the Dungeon.
             The game lasted 00:55:44 (10590 turns).

abixa the Basher (Ogre Warper)                     Turns: 10590, Time: 00:55:44

Health: 130/130    AC:  6    Str: 18    XL:     11   Next: 39%
Magic:  15/15      EV: 10    Int: 15    God:    Okawaru [*****.]
Gold:   328        SH:  0    Dex:  9    Spells: 6 memorised, 4 levels left

rFire  . . .     SeeInvis +     Q - +3 mace of Ecuw {flame, Stlth+} (curse)
rCold  . . .     Clarity  .     b - +0 robe
rNeg   . . .     SustAt   .     (no shield)
rPois  .         Gourm    .     (helmet restricted)
rElec  .         Spirit   .     D - +2 cloak {MR+}
rCorr  .         Warding  .     (gloves unavailable)
rMut   .         Stasis   .     (boots unavailable)
MR     ++...                    h - amulet of regeneration
Stlth  ++........               I - ring of see invisible
                                y - +3 ring of slaying

@: very resistant to hostile enchantments, unstealthy
A: unfitting armour, tough skin 1
a: Heroism, Finesse, Renounce Religion


You were on level 10 of the Dungeon.
You worshipped Okawaru.
Okawaru was extremely pleased with you.
You were near starving.

You visited 2 branches of the dungeon, and saw 11 of its levels.

You collected 328 gold pieces.

Inventory:

Hand Weapons
 s - a +2 hunting sling of flaming
 A - a +0 blowgun
 E - a +0 trident
 M - a +0 giant spiked club
 Q - the cursed +3 mace of Ecuw (weapon) {flame, Stlth+}
   (You found it on level 5 of the Dungeon)

   It has been specially enchanted to burn those struck by it, causing extra
   injury to most foes and up to half again as much damage against particularly
   susceptible opponents.
   It makes you more stealthy.
   It has a curse placed upon it.
Missiles
 e - 5 tomahawks of dispersal
 j - 302 stones
 u - 63 sling bullets
 z - 51 poisoned needles
 B - 5 javelins
 L - 13 tomahawks (quivered)
Armour
 b - a +0 robe (worn)
 D - a +2 cloak of magic resistance (worn)
Rods
 U - a +0 rod of destruction (9/9)
   (You found it on level 6 of the Dungeon)
Jewellery
 h - an amulet of regeneration (around neck)
 y - a +3 ring of slaying (left hand)
 I - a ring of see invisible (right hand)
Wands
 a - a wand of disintegration (1)
 C - a wand of fire (0)
 K - a wand of confusion (31)
 R - a wand of magic darts (25)
 V - a wand of teleportation (7)
 X - a wand of flame (24)
 Y - a wand of slowing (0)
Scrolls
 d - a scroll of blinking
 k - 2 scrolls of teleportation
 m - a scroll of fear
 x - a scroll of recharging
 G - a scroll of enchant weapon {unknown}
 J - 2 scrolls of enchant armour
 S - a scroll of amnesia
 Z - a scroll of fog
Potions
 i - a potion of magic {unknown}
 l - 2 potions of heal wounds
 n - 2 potions of flight
 p - a potion of cancellation {unknown}
 q - 4 potions of haste {unknown}
 r - 2 potions of brilliance {unknown}
 t - a potion of ambrosia {unknown}
 v - a potion of invisibility {unknown}
 H - a potion of lignification {unknown}
 N - a potion of cure mutation {unknown}
Books
 c - a book of Spatial Translocations

   Spells                             Type                      Level
   a - Apportation                    Translocation                1
   b - Blink                          Translocation                2
   c - Shroud of Golubria             Charms/Translocation         2
   d - Portal Projectile              Translocation                3
   e - Teleport Other                 Translocation                3
   f - Passage of Golubria            Translocation                4
 P - a book of Cantrips

   Spells                             Type                      Level
   a - Corona                         Hexes                        1
   b - Animate Skeleton               Necromancy                   1
   c - Summon Small Mammal            Summoning                    1
   d - Apportation                    Translocation                1
 T - a book of Envenomations

   Spells                             Type                      Level
   a - Spider Form                    Transmutation/Poison         3
   b - Alistair's Intoxication        Transmutation/Poison         4
   c - Olgreb's Toxic Radiance        Poison                       4
   d - Poisonous Cloud                Conjuration/Poison/Air       6
 W - a book of the Sky

   Spells                             Type                      Level
   a - Summon Lightning Spire         Summoning/Air                4
   b - Airstrike                      Air                          4
   c - Silence                        Hexes/Air                    5
   d - Deflect Missiles               Charms/Air                   6
   e - Conjure Ball Lightning         Conjuration/Air              6
   f - Tornado                        Air                          9
Comestibles
 f - 3 bread rations
 g - 24 fruits
 o - 7 meat rations
 w - a royal jelly
 F - 7 slices of pizza
 O - 3 beef jerkies


   Skills:
 + Level 14.0 Fighting
 - Level 14.0 Maces & Flails
 + Level 7.3 Throwing
 - Level 2.1 Dodging
 - Level 3.1 Spellcasting
 - Level 2.1 Translocations
 - Level 2.1 Invocations


You had 4 spell levels left.
You knew the following spells:

 Your Spells              Type           Power        Failure   Level  Hunger
a - Apportation           Tloc           #.........   12%         1    #......
b - Blink                 Tloc           N/A          14%         2    ##.....
c - Shroud of Golubria    Chrm/Tloc      #.........   21%         2    ##.....
d - Portal Projectile     Tloc           #.....       30%         3    ###....
e - Teleport Other        Tloc           #.......     30%         3    ###....
f - Corona                Hex            #......      21%         1    #......


Dungeon Overview and Level Annotations

Branches:
Dungeon (10/15)            Temple (1/1) D:6            Lair (0/8) D:9
    Orc: D:9-12

Altars:
Ashenzari
Cheibriados
Dithmenos
Elyvilon
Fedhas
Gozag
Kikubaaqudgha
Makhleb
Nemelex Xobeh
Okawaru
Qazlal
Ru
Sif Muna
Trog
Xom
Yredelemnul
Zin
The Shining One

Annotations:
D:5 exclusion: upstairs
D:8 Maurice


Innate Abilities, Weirdness & Mutations

You are too large for most types of armour.
You have tough skin (AC +1).


Message History

q - 4 lumpy puce potions (gained 2)
o - 7 meat rations (gained 1)
You are near starving!
Found a cloak.
An adder comes into view.
Found a quarterstaff.
Found a scroll of magic mapping.
The helpless adder fails to defend itself.
You sock the adder! You burn the adder.
You kill the adder!
Okawaru accepts your kill.
No target in view!
Your pack is full.
You see here a papyrus book.
Read which item? (? for menu, Esc to quit)
Okay, then.
Okay, then.
Read which item? (? for menu, Esc to quit)
Unknown command.
Are you sure you want to abandon this character and quit the game? (Confirm with "yes".)

#....# ###..
......####.....
......#........
...................
............).......
......................[
........................
.......@................
........................
........................
........................
..........#.............
...........#............
.......#.##.####........
.#......##..#.#.#.......
#?....# #####...#.#....


There were no monsters in sight!

Vanquished Creatures
  The ghost of Homuleg the Skirmisher, a novice DrVM of Makhleb (D:9)
  Joseph (D:8)
  The ghost of Charly the Chopper, a novice VSCK of Xom (D:8)
  Grinder (D:6)
  10 yaks
  2 hippogriffs
  Menkaure (D:6)
  A water moccasin (D:6)
  5 porcupines (D:9)
  2 sky beasts
  A black bear (D:8)
  A phantom (D:5)
  4 ice beasts
  8 ogres
  4 orc warriors
  An eye of draining (D:7)
  4 centaurs
  3 crocodiles
  4 giant frogs
  5 big kobolds
  Blork the orc (D:6)
  A gnoll sergeant (D:8)
  4 scorpions
  6 killer bees
  3 crimson imps
  A giant frog zombie (D:9)
  A centaur zombie (D:3)
  A hound (D:7)
  A jelly (D:9)
  7 orc priests
  Ijyb (D:2)
  10 orc wizards
  3 centaur skeletons
  7 worker ants
  Terence (D:2)
  A giant frog skeleton (D:6)
  4 iguanas
  2 sheep (D:8)
  A hound zombie (D:4)
  A hound skeleton (D:8)
  A mummy (D:7)
  4 gnolls (D:9)
  12 adders
  3 river rats (D:9)
  2 shadow imps (D:8)
  An adder skeleton (D:7)
  2 adder zombies
  4 giant geckos
  31 orcs
  3 ball pythons
  3 giant cockroaches
  12 goblins
  5 hobgoblins
  10 jackals
  16 kobolds
  3 bats
  4 giant newts
  2 quokkas
  A quokka zombie (D:6)
  6 rats
242 creatures vanquished.

Vanquished Creatures (others)
  A wizard (D:3)
  2 bushes (D:9)
  8 plants (D:9)
11 creatures vanquished.

Grand Total: 253 creatures vanquished

Notes
Turn   | Place    | Note
--------------------------------------------------------------
     0 | D:1      | abixa the Ogre Warper began the quest for the Orb.
     0 | D:1      | Reached XP level 1. HP: 22/22 MP: 3/3
    34 | D:1      | Reached skill level 3 in Maces & Flails
   137 | D:1      | Reached XP level 2. HP: 29/29 MP: 5/5
   711 | D:2      | Noticed Ijyb
   736 | D:2      | Killed Ijyb
   736 | D:2      | Reached skill level 4 in Maces & Flails
   736 | D:2      | Reached XP level 3. HP: 32/36 MP: 6/6
   796 | D:2      | Noticed Terence
   817 | D:2      | Killed Terence
   817 | D:2      | Reached XP level 4. HP: 33/44 MP: 7/7
   910 | D:2      | Found a shadowy altar of Dithmenos.
   937 | D:2      | Reached skill level 5 in Maces & Flails
  1344 | D:3      | Reached XP level 5. HP: 47/53 MP: 8/8
  1759 | D:3      | Reached XP level 6. HP: 55/62 MP: 10/10
  1764 | D:3      | Learned a level 2 spell: Blink
  1767 | D:3      | Learned a level 2 spell: Shroud of Golubria
  1771 | D:3      | Learned a level 3 spell: Portal Projectile
  1775 | D:3      | Learned a level 3 spell: Teleport Other
  2093 | D:3      | Found a bloodstained altar of Trog.
  2096 | D:3      | Noticed a wizard
  2101 | D:3      | Killed a wizard
  2164 | D:3      | Found a faded altar to an unknown god.
  2290 | D:3      | Reached skill level 6 in Maces & Flails
  2958 | D:4      | Reached XP level 7. HP: 68/71 MP: 11/11
  3425 | D:4      | Found an iron altar of Okawaru.
  3556 | D:4      | Reached skill level 5 in Fighting
  3607 | D:5      | Entered Level 5 of the Dungeon
  3693 | D:5      | Reached skill level 7 in Maces & Flails
  3794 | D:5      | Got a pitted mace
  3808 | D:5      | Reached skill level 8 in Maces & Flails
  3932 | D:4      | Became a worshipper of Warmaster Okawaru
  4241 | D:5      | Reached XP level 8. HP: 77/80 MP: 12/12
  4261 | D:5      | Reached skill level 9 in Maces & Flails
  4822 | D:6      | Noticed Menkaure
  4876 | D:5      | Reached skill level 10 in Maces & Flails
  5205 | D:6      | Found a staircase to the Ecumenical Temple.
  5228 | D:6      | Reached * piety under Okawaru
  5233 | D:6      | Noticed Blork the orc
  5587 | D:6      | Killed Blork the orc
  5601 | D:6      | Killed Menkaure
  5601 | D:6      | Reached XP level 9. HP: 44/96 MP: 13/13
  5856 | Temple   | Entered the Ecumenical Temple
  6077 | D:6      | Noticed Grinder
  6077 | D:6      | Paralysed by Grinder for 7 turns
  6098 | D:6      | Killed Grinder
  6098 | D:6      | Reached skill level 11 in Maces & Flails
  6326 | D:6      | Reached ** piety under Okawaru
  6455 | D:7      | Found a snail-covered altar of Cheibriados.
  6536 | D:7      | Found an ancient bone altar of Kikubaaqudgha.
  6606 | D:7      | Found a shattered altar of Ashenzari.
  6711 | D:7      | Found a white marble altar of Elyvilon.
  6714 | D:7      | Learned a level 1 spell: Corona
  6833 | D:7      | Found a stormy altar of Qazlal.
  6882 | D:7      | Reached skill level 12 in Maces & Flails
  6923 | D:8      | Noticed Joseph
  7062 | D:8      | Reached skill level 10 in Fighting
  7097 | D:8      | Noticed Charly's ghost (novice VSCK)
  7150 | D:8      | Killed Charly's ghost
  7150 | D:8      | Reached *** piety under Okawaru
  7210 | D:8      | Reached skill level 1 in Invocations
  7278 | D:8      | Reached XP level 10. HP: 47/111 MP: 14/14
  7397 | D:8      | Identified the cursed +3 mace of Ecuw {flame, Stlth+} (You found it on level 5 of the Dungeon)
  7481 | D:8      | Noticed Maurice
  7509 | D:8      | Found a sparkling altar of Nemelex Xobeh.
  7555 | D:8      | Reached skill level 13 in Maces & Flails
  7914 | D:8      | Killed Joseph
  8172 | D:8      | Reached **** piety under Okawaru
  8208 | D:8      | Noticed a three-headed hydra
  8822 | D:8      | Reached skill level 14 in Maces & Flails
  9235 | D:9      | Reached skill level 5 in Throwing
  9249 | D:9      | Reached ***** piety under Okawaru
  9359 | D:8      | Reached XP level 11. HP: 66/127 MP: 15/15
  9498 | D:9      | Found a shimmering altar of Xom.
  9566 | D:9      | Noticed Homuleg's ghost (novice DrVM)
  9587 | D:9      | Killed Homuleg's ghost
  9808 | D:9      | Found a staircase to the Lair.
  9904 | D:9      | Received a gift from Okawaru
 10279 | D:9      | Found a basalt altar of Yredelemnul.
 10531 | D:10     | Entered Level 10 of the Dungeon
 10590 | D:10     | Quit the game

Action                   |  1- 3 |  4- 6 |  7- 9 | 10-12 || total
-------------------------+-------+-------+-------+-------++-------
Melee: Mace              |    70 |   100 |       |   274 ||   444
       Flail             |       |    32 |    12 |       ||    44
       Giant spiked club |       |       |   164 |       ||   164
       Great mace        |       |       |    15 |       ||    15
 Fire: Blowgun           |       |       |     6 |       ||     6
Throw: Stone             |    23 |    98 |    75 |    25 ||   221
       Tomahawk          |       |       |    34 |    97 ||   131
       Javelin           |       |       |     5 |     5 ||    10
 Cast: Shroud of Golubri |       |       |     2 |       ||     2
Invok: Heroism           |       |       |       |     1 ||     1
Evoke: Wand              |       |       |     2 |     5 ||     7
  Use: Scroll            |       |       |     8 |     6 ||    14
       Potion            |       |       |     2 |       ||     2
 Stab: Sleeping          |       |       |     1 |     2 ||     3
       Distracted        |       |       |       |     1 ||     1
  Eat: Chunk             |       |     5 |    25 |    10 ||    40
       Fruit             |       |     3 |     3 |       ||     6
